 Dungeon Crawl Stone Soup version 0.29.1-4-g47bece8355 (webtiles) character file.

Game seed: 11166871679826125710

929 safid the Skirmisher (level 7, 0/68 HPs)
             Began as a Minotaur Hunter on Dec 6, 2022.
             Was an Initiate of Okawaru.
             Slain by a gnoll sergeant
             ... wielding a +0 spear of flaming
              (1 damage)
             ... on level 6 of the Dungeon.
             The game lasted 00:05:08 (5034 turns).

safid the Skirmisher (Minotaur Hunter)              Turns: 5034, Time: 00:05:08

Health: 0/68       AC:  4    Str: 15    XL:     7   Next: 85%
Magic:  6/6        EV: 16    Int:  6    God:    Okawaru [......]
Gold:   321        SH:  0    Dex: 16    Spells: 6/6 levels left

rFire   . . .      SeeInvis .   a - +0 shortbow
rCold   . . .      Faith    .   (shield currently unavailable)
rNeg    . . .      Spirit   .   c - +0 leather armour
rPois   .          Reflect  .   (helmet restricted)
rElec   .          Harm     .   (no cloak)
rCorr   .          Rampage  .   (no gloves)
Will    .....                   g - +0 pair of boots
Stlth   +.........              (no amulet)
HPRegen 0.21/turn               j - +4 ring of evasion
MPRegen 0.10/turn               (no ring)

@: no status effects
A: horns 2, retaliatory headbutt
a: Renounce Religion


You were on level 6 of the Dungeon.
You worshipped Okawaru.
Okawaru was noncommittal.
You visited 1 branch of the dungeon, and saw 6 of its levels.

You collected 321 gold pieces.

Inventory:

Hand Weapons
 a - a +0 shortbow (weapon)
Armour
 c - a +0 leather armour (worn)
 g - a +0 pair of boots (worn)
Jewellery
 j - a +4 ring of evasion (left hand)
Scrolls
 b - a scroll of immolation
 e - a scroll of noise
 h - 5 scrolls of teleportation
 k - a scroll of poison {unknown}
 m - 2 scrolls of magic mapping {unknown}
 p - a scroll of vulnerability
 q - 2 scrolls of fear {unknown}
 s - a scroll of blinking
 w - a scroll of enchant weapon
 x - a scroll of enchant armour
Potions
 d - 2 potions of mutation {unknown}
 f - a potion of cancellation {unknown}
 i - a potion of berserk rage {unknown}
 l - a potion of flight {unknown}
 n - 2 potions of ambrosia {unknown}
 o - 3 potions of curing {unknown}
 r - a potion of attraction {unknown}
 t - a potion of brilliance {unknown}
 u - a potion of might {unknown}
 v - 2 potions of resistance {unknown}
 z - a potion of heal wounds {unknown}
 A - a potion of lignification {unknown}
 B - a potion of degeneration {unknown}


   Skills:
 - Level 8.0 Fighting
 + Level 8.3 Ranged Weapons
 - Level 2.1 Dodging
 - Level 0.7 Stealth


You had 6 spell levels left.
You didn't know any spells.
Your spell library contained the following spells:

 Spells                   Type           Power      Damage    Failure   Level
 Foxfire                  Conj/Fire      0%         2x1d4     52%         1
 Portal Projectile        Hex/Tloc       0%         N/A       88%         3
 Leda's Liquefaction      Hex/Erth       0%         N/A       99%         4
 Passage of Golubria      Tloc           0%         N/A       99%         4
 Fireball                 Conj/Fire      0%         3d3       100%        5
 Lee's Rapid Deconstruct  Erth           0%         3d5*      100%        5
 Yara's Violent Unravell  Hex/Tmut       0%         3d3       100%        5
 Call Canine Familiar     Summ           Unusable   N/A       N/A         3
 Tukima's Dance           Hex            Unusable   N/A       N/A         3

Dungeon Overview and Level Annotations

Branches:
Dungeon (6/15)             Temple (0/1) D:5

Altars:
Hepliaklqana
Nemelex Xobeh
Okawaru
Trog
Uskayaw

Shops:
D:2 =


Innate Abilities, Weirdness & Mutations

You have a pair of horns on your head.
You reflexively headbutt those who attack you in melee.


Message History

* * * LOW HITPOINT WARNING * * *
Fire: a) +0 shortbow
Press: ? - help, Q - select action Shift-Dir - straight line, f/p - gnoll sergeant
Aim: a gnoll sergeant, wielding a +0 spear of flaming and wearing a +0 ring mail (severely wounded, 74% to hit)
You shoot an arrow.
The arrow hits the gnoll sergeant but does no damage.
The gnoll sergeant is severely wounded.
The gnoll sergeant hits you but does no damage. x2
Unknown command.
Fire: a) +0 shortbow
Press: ? - help, Q - select action Shift-Dir - straight line, f/p - gnoll sergeant
Aim: a gnoll sergeant, wielding a +0 spear of flaming and wearing a +0 ring mail (severely wounded, 74% to hit)
You shoot an arrow.
The arrow closely misses the gnoll sergeant.
The gnoll sergeant closely misses you.
Fire: a) +0 shortbow
Press: ? - help, Q - select action Shift-Dir - straight line, f/p - gnoll sergeant
Aim: a gnoll sergeant, wielding a +0 spear of flaming and wearing a +0 ring mail (severely wounded, 74% to hit)
You shoot an arrow. The arrow hits the gnoll sergeant.
The gnoll sergeant is severely wounded.
The gnoll sergeant barely misses you.
Fire: a) +0 shortbow
Press: ? - help, Q - select action Shift-Dir - straight line, f/p - gnoll sergeant
Aim: a gnoll sergeant, wielding a +0 spear of flaming and wearing a +0 ring mail (severely wounded, 74% to hit)
You shoot an arrow.
The arrow hits the gnoll sergeant but does no damage.
The gnoll sergeant is severely wounded.
The gnoll sergeant hits you from afar with a +0 spear of flaming.
* * * LOW HITPOINT WARNING * * *
The gnoll sergeant burns you.
* * * LOW HITPOINT WARNING * * *
Fire: a) +0 shortbow
Press: ? - help, Q - select action Shift-Dir - straight line, f/p - gnoll sergeant
Aim: a gnoll sergeant, wielding a +0 spear of flaming and wearing a +0 ring mail (severely wounded, 74% to hit)
You shoot an arrow.
The arrow closely misses the gnoll sergeant.
The gnoll sergeant hits you from afar with a +0 spear of flaming.
* * * LOW HITPOINT WARNING * * *
The gnoll sergeant burns you.
You die...

..| #......###.# .. #......#
#.# .g #......# #[# #.
#......# #.# ..####. #......#
#.# ......g#### ### ##...#.#
#.# .......g..# #.#
#.....###.# .###......#
#.######..........
+........###@#<..............
###......gg).######..........
..#.......#### #..........
#.........# #.#†#####..
...#......#### #.#.# #.#
#............# #.#.# #.#
...#......##.## #.#.# ###.#
.........###..# #.#.###...#
#.#..+#######'### #.#........


You could see a gnoll sergeant and a gnoll.

Vanquished Creatures
  An ice beast (D:5)
  A sky beast (D:4)
  A black bear (D:4)
  An ogre (D:5)
  A centaur (D:5)
  3 scorpions
  3 hounds
  2 jellies
  2 gnolls (D:6)
  5 adders
  A white imp (D:5)
  A worm (D:2)
  5 dart slugs
  10 orcs
  3 bats
  5 endoplasms
  2 giant cockroaches
  6 goblins
  5 hobgoblins
  7 jackals
  3 kobolds
  3 quokkas
  8 ball pythons
  2 frilled lizards (D:2)
  3 rats
84 creatures vanquished.

Notes
Turn   | Place    | Note
-------+----------+-------------------------------------------
     0 | D:1      | safid the Minotaur Hunter began the quest for the Orb.
     0 | D:1      | Reached XP level 1. HP: 18/18 MP: 0/0
   253 | D:1      | Reached XP level 2. HP: 26/26 MP: 1/1
   736 | D:2      | Found a hide-covered altar of Uskayaw.
   874 | D:2      | Reached skill level 5 in Ranged Weapons
   874 | D:2      | Reached XP level 3. HP: 31/31 MP: 2/2
   893 | D:2      | Found Veirol's Jewellery Boutique.
   898 | D:2      | Got Sif Muna's Anthology of Fire and the Mountains
  1335 | D:2      | Reached XP level 4. HP: 40/40 MP: 3/3
  2055 | D:3      | Identified the +8 dagger "Xoph" {freeze, rCorr Int+2 Dex+2}
  2593 | D:3      | Reached XP level 5. HP: 26/47 MP: 4/4
  2599 | D:3      | Reached skill level 5 in Fighting
  2791 | D:4      | Noticed a black bear
  2797 | D:4      | Killed a black bear
  2798 | D:4      | Reached XP level 6. HP: 56/56 MP: 5/5
  2913 | D:4      | Noticed a sky beast
  2924 | D:4      | Killed a sky beast
  3113 | D:4      | Found a bloodstained altar of Trog.
  3451 | D:5      | Entered Level 5 of the Dungeon
  3573 | D:5      | Found a hazy altar of Hepliaklqana.
  3695 | D:5      | Found a staircase to the Ecumenical Temple.
  3723 | D:5      | Reached XP level 7. HP: 60/64 MP: 6/6
  4054 | D:5      | Found an iron altar of Okawaru.
  4101 | D:5      | Became a worshipper of Warmaster Okawaru
  4455 | D:5      | Found a sparkling altar of Nemelex Xobeh.
  5034 | D:6      | HP: 1/68 [gnoll sergeant/+0 spear of flaming (5)]
  5034 | D:6      | Slain by a gnoll sergeant

Illustrated notes

Levels and vault maps discovered:
D:1:      minmay_arrival_floating_metal, layout_rooms, minmay_cupped
D:2:      layout_loops_cross, serial_shops, shop, basic_altar
D:3:      layout_basic, serial_co_window_serial, co_window_of_opportunity_a,
          co_window_paths_b, co_window_paths_a, co_window_of_opportunity_a,
          co_window_cross_1, co_window_of_opportunity_b, co_window_broadway_b,
          co_window_corner_b, co_window_broadway_b, co_window_paths_c,
          co_window_sun, co_window_4corner_b, glass_columns_a, glass_columns_b,
          glass_columns_c
D:4:      layout_cave_pools, kennysheep_mini_moat
D:5:      layout_basic, amcnicky_altar_gilded, nicolae_overflow_hidden_temple,
          mainiacjoe_overflow_chevrons, temple_fountains
D:6:      layout_basic, serial_corexii_hall, chequers_hall_statues_wall_a,
          corexii_hall_statues_x, serial_shops, shop, minmay_misc_feat_five,
          kennysheep_generic_room_11

Skill      XL: |  1  2  3  4  5  6  7 |
---------------+----------------------+-----
Fighting       | 3 4 5 6 8 |  8.0
Ranged Weapons | 5 6 7 8 |  8.3
Dodging        | |  2.1
Stealth        | |  0.7

Action                   |  1- 3 |  4- 6 |  7- 9 || total
-------------------------+-------+-------+-------++-------
 Fire: Shortbow          |    82 |   132 |    58 ||   272
  Use: Scroll            |       |       |     6 ||     6
Armor: Leather armour    |     4 |    12 |     4 ||    20
Dodge: Dodged            |    33 |    73 |    23 ||   129
